AoeStats
← vagabond94

Glade

510558456Analyzed
1v1 RM · 1d ago on Oct 1, 2026· 53m 10s· 2 players
Game mode
Random Map
Map size
Tiny (2 player)
Population
200
Speed
Normal
Resources
Standard
Victory
Conquest
Starting age
Dark Age
Ending age
Imperial Age
RankedLock teamsTeams togetherTeam positionsShared explorationLock speedFull tech treeHidden civsTurbo modeCheats
Victory
Defeat
🇨🇳 Slavs · China
1200
+16
🇩🇪 Saxons · Germany
1201
-16
happiness
5:37 Loom
11:06 Feudal Age
13:22 Double-Bit Axe
14:47 Wheelbarrow
15:14 Stone Mining
15:27 Fletching
21:09 Bloodlines
20:40 Man-at-Arms
23:49 Gold Mining
27:34 Castle Age
27:39 Forging
27:35 Scale Barding Armor
29:29 Iron Casting
35:25 Bow Saw
35:59 Gold Shaft Mining
35:16 Horse Collar
36:25 Hand Cart
38:45 Scale Mail Armor
38:41 Bodkin Arrow
38:31 Long Swordsman
40:10 Chain Mail Armor
41:31 Chain Barding Armor
45:41 Husbandry
45:03 Light Cavalry
45:54 Pikeman
47:22 Squires
47:27 Padded Archer Armor
55:18 Imperial Age
vagabond94
6:06 Loom
8:26 Feudal Age
19:56 Double-Bit Axe
22:20 Castle Age
21:59 Horse Collar
30:23 Scale Mail Armor
30:34 Forging
30:35 Guard Tower
31:01 Murder Holes
32:02 Chain Mail Armor
32:20 Bow Saw
33:29 Iron Casting
32:59 Squires
32:44 Arson
34:29 Gambesons
44:09 Fletching
47:40 Ballistics
47:18 Bodkin Arrow
Connection lost

Rejoining the realm…

Still unreachable

The connection could not be restored.

Session expired

The server has moved on; the page needs a fresh start.